 Dungeon Crawl Stone Soup version bcrawl-1.21 (webtiles) character file.

Game seed: 13352052124554713463

188 Mrkan the Skirmisher (level 5, 0/48 HPs)
             Began as a Hill Orc Fighter on Feb 11, 2020.
             Was an Initiate of Ashenzari.
             Succumbed to a gnoll's poison
             ... on level 3 of the Dungeon.
             The game lasted 00:03:25 (2664 turns).

Mrkan the Skirmisher (Hill Orc Fighter)             Turns: 2664, Time: 00:03:26

Health: 0/48       AC:  7    Str: 19    XL:     5   Next: 67%
Magic:  5/5        EV:  7    Int:  8    God:    Ashenzari [......]
Gold:   133        SH:  9    Dex: 11    Spells: 4/4 levels left

rFire    . . .     SeeInvis .   a - +0 flail (curse)
rCold    . . .     Gourm    .   c - +0 shield (curse)
rNeg     . . .     Faith    .   b - +0 scale mail
rPois    .         Spirit   .   (no helmet)
rElec    .         Reflect  .   (no cloak)
rCorr    .         Harm     .   (no gloves)
MR       .....                  (no boots)
Stlth    ..........             (no amulet)
HPRegen  0.16/turn              (no ring)
MPRegen  0.09/turn              (no ring)

@: lethally poisoned (0 -> -36)
A: no striking features
a: Curse Item, Renounce Religion


You were on level 3 of the Dungeon.
You worshipped Ashenzari.
Ashenzari was noncommittal.
You were not hungry.

You visited 1 branch of the dungeon, and saw 3 of its levels.

You collected 133 gold pieces.

Inventory:

Hand Weapons
 a - a cursed +0 flail (weapon)
Armour
 b - a +0 scale mail (worn)
 c - a cursed +0 shield (worn)
 r - a +0 pair of boots
Jewellery
 f - an uncursed ring of ice
 h - an uncursed ring of positive energy
 k - a +2 ring of dexterity
 m - an uncursed ring of ice
Wands
 p - a wand of acid (7)
Scrolls
 g - 2 scrolls of identify {unknown}
 i - a scroll of amnesia {unknown}
 j - a scroll of teleportation {unknown}
 l - a scroll of magic mapping {unknown}
 n - 2 scrolls of remove curse {unknown}
 o - a scroll of enchant armour {unknown}
 q - a scroll of fear {unknown}
Potions
 d - a potion of might
 s - 2 potions of curing {unknown}
Comestibles
 e - 7 rations {!d}


   Skills:
 * Level 5.2 Fighting
   Level 5.2 Short Blades
   Level 5.2 Long Blades
   Level 5.2 Axes
   Level 5.2 Maces & Flails
   Level 5.2 Polearms
   Level 5.2 Staves
 + Level 4.3 Armour
 + Level 4.4 Shields
   Level 5.2 Unarmed Combat


You had 4 spell levels left.
You didn't know any spells.
Your spell library was empty.

Dungeon Overview and Level Annotations

Branches:
Dungeon (3/12)

Altars:
Ashenzari


Message History

The gnoll is almost dead.
You feel sick. The gnoll barely misses you. The gnoll hits you.
The gnoll hits you from afar with a +0 spear of venom!
You hit the gnoll but do no damage.
The gnoll is almost dead.
You feel sick. You block the gnoll's attack.
The gnoll hits you from afar with a +0 spear of venom.
You are lethally poisoned!
You barely miss the gnoll.
The gnoll is almost dead.
* * * LOW HITPOINT WARNING * * *
You feel sick. The gnoll hits you.
* * * LOW HITPOINT WARNING * * *
The gnoll hits you from afar with a +0 spear of venom!
* * * LOW HITPOINT WARNING * * *
You are more poisoned.
You block the gnoll's attack.
You hit the gnoll but do no damage.
The gnoll is almost dead.
You die...

...............#.#.#
...............#.#
...............#.# #
...............#.#.#
...............#.#.#
.............#
.........#.###
.........#.#
.........#@#
.........#g#
.........#g#
.........#g#
........#.# #.# #.#
#.#


You could see 3 gnolls.

Vanquished Creatures
  2 orc priests (D:3)
  4 gnolls (D:3)
  2 adders (D:3)
  6 leopard geckos
  2 orcs (D:3)
  2 giant cockroaches
  12 goblins
  7 hobgoblins
  6 jackals
  4 quokkas
  A ball python (D:2)
  7 bats
  2 frilled lizards
  4 kobolds
  2 rats (D:1)
  A plant (D:2)
64 creatures vanquished.

Notes
Turn   | Place    | Note
-------+----------+-------------------------------------------
     0 | D:1      | Mrkan the Hill Orc Fighter began the quest for the Orb.
     0 | D:1      | Reached XP level 1. HP: 20/20 MP: 1/1
   103 | D:1      | Reached XP level 2. HP: 27/27 MP: 2/2
   648 | D:1      | Reached XP level 3. HP: 34/34 MP: 3/3
   921 | D:2      | Found a shattered altar of Ashenzari.
  1023 | D:2      | Became a worshipper of Ashenzari the Shackled
  1682 | D:2      | Reached XP level 4. HP: 41/41 MP: 4/4
  2010 | D:3      | HP: 2/41 [gnoll/+0 flail (6)]
  2033 | D:3      | HP: 2/41 [goblin (3)]
  2404 | D:3      | Reached XP level 5. HP: 47/47 MP: 5/5
  2480 | D:3      | Reached skill level 5 in Fighting
  2664 | D:3      | Succumbed to a gnoll's poison

Skill      XL: |  1  2  3  4  5 |
---------------+----------------+-----
Shields        | 4 |  4.4
Armour         | 4 |  4.3
Fighting       | 5 |  5.2
Short Blades   | |  5.2
Long Blades    | |  5.2
Axes           | |  5.2
Maces & Flails | |  5.2
Polearms       | |  5.2
Staves         | |  5.2
Unarmed Combat | |  5.2

Action                   |  1- 3 |  4- 6 || total
-------------------------+-------+-------++-------
Melee: Flail             |   146 |    89 ||   235
Invok: Curse Item        |       |     2 ||     2
  Eat: Chunk             |     3 |     3 ||     6
Armor: Scale mail        |    79 |    17 ||    96
Dodge: Dodged            |    67 |    16 ||    83
Block: Shield            |    93 |    34 ||   127
